APL (24 & UNDER)
NANTUCKET ORCAS @ KENOSHA KINGFISH
08/31/2026
 
TOP OF THE 1ST
Nantucket Orcas batting - Pitching for Kenosha Kingfish : RHP Ron Bartlett
Pitching: RHP Ron Bartlett
Batting: RHB Jorge Hernández 0-0: Swinging Strike
0-1: SINGLE (Line Drive, 7S)
Batting: RHB Ramón Díaz 0-0: Ball
1-0: Ball
2-0: Swinging Strike
2-1: Foul Ball, location: 2F
2-2: Foul Ball, location: 2F
2-2: Strikes out swinging
Batting: SHB Cory Campbell 0-0: Called Strike
Jorge Hernández steals 2nd base
0-1: Ball
1-1: Ball
2-1: Ball
3-1: Ground out 4-3 (Groundball, 34)
Jorge Hernández to third
Batting: RHB Roberto Canó 0-0: 2-RUN HOME RUN (Flyball, 78XD), Distance : 423 ft
Batting: LHB Noah Gillespie 0-0: Called Strike
0-1: Ground out U3 (Groundball, 3S)
Top of the 1st over - 2 run(s), 2 hit(s), 0 error(s), 0 left on base; Nantucket 2 - Kenosha 0
BOTTOM OF THE 1ST
Kenosha Kingfish batting - Pitching for Nantucket Orcas : LHP Esteban Soto
Pitching: LHP Esteban Soto
Batting: RHB Manuel Gómez 0-0: Swinging Strike
0-1: Ball
1-1: Foul Ball, location: 2F
1-2: Ball
2-2: Ball
3-2: Base on Balls
Batting: SHB Júlio Valentín 0-0: Ball
1-0: Foul Ball, location: 2F
1-1: Foul Ball, location: 2F
1-2: Strikes out swinging
Batting: RHB Francisco Martínez 0-0: Called Strike
0-1: SINGLE (Groundball, 34)
Manuel Gómez to second
Runner from 2nd tries for 3rd, SAFE, throw made to third
Batting: RHB Matt Rodríguez 0-0: Ball
1-0: Ball
2-0: Ball
3-0: Base on Balls
Francisco Martínez to second
Batting: SHB Devin Smith 0-0: Called Strike
0-1: Fly out, F7 (Flyball, 78M)
Runner from 3rd tags up, SCORES, no throw
Batting: LHB Richard Brooks 0-0: Ball
1-0: Called Strike
1-1: Ball
2-1: Foul Ball, location: 2F
2-2: Ball
3-2: Foul Ball, location: 2F
3-2: Fly out, F7 (Flyball, 8LM)
Bottom of the 1st over - 1 run(s), 1 hit(s), 0 error(s), 2 left on base; Nantucket 2 - Kenosha 1
TOP OF THE 2ND
Nantucket Orcas batting - Pitching for Kenosha Kingfish : RHP Ron Bartlett
Batting: RHB César Osequedo 0-0: Called Strike
0-1: Ball
1-1: Called Strike
1-2: Ball
2-2: Ball
3-2: Foul Ball, location: 2F
3-2: Strikes out looking
Batting: LHB Eugene Lee 0-0: Ball
1-0: Fly out, F7 (Flyball, 7M)
Batting: RHB Domingo Hernández 0-0: Swinging Strike
0-1: Swinging Strike
0-2: Ball
1-2: Strikes out swinging
Top of the 2nd over - 0 run(s), 0 hit(s), 0 error(s), 0 left on base; Nantucket 2 - Kenosha 1
BOTTOM OF THE 2ND
Kenosha Kingfish batting - Pitching for Nantucket Orcas : LHP Esteban Soto
Batting: RHB Sergio Mata Reached via error on a dropped throw, E3
Batting: RHB Doug Lutz 0-0: Called Strike
0-1: Swinging Strike
0-2: Ball
1-2: Strikes out swinging
Batting: RHB Tommy Davenport 0-0: Called Strike
0-1: Ball
1-1: Ball
2-1: SINGLE (Flyball, 9LS)
Sergio Mata to second
Runner from 2nd tries for 3rd, SAFE, no throw or cutoff
Batting: RHB Manuel Gómez 0-0: Called Strike
0-1: Ball
1-1: Fly out, F8 (Flyball, 8LS)
Batting: SHB Júlio Valentín 0-0: Called Strike
0-1: Fly out, F3 (Line Drive, 3)
Bottom of the 2nd over - 0 run(s), 1 hit(s), 1 error(s), 2 left on base; Nantucket 2 - Kenosha 1
TOP OF THE 3RD
Nantucket Orcas batting - Pitching for Kenosha Kingfish : RHP Ron Bartlett
Batting: RHB Anastasio Zartuche 0-0: Foul Ball, location: 2F
0-1: Called Strike
0-2: Ground out 1-3 (Groundball, 13)
Batting: RHB Jorge Hernández 0-0: Ball
1-0: Swinging Strike
1-1: Swinging Strike
1-2: SOLO HOME RUN (Flyball, 78XD), Distance : 430 ft
Batting: RHB Ramón Díaz 0-0: Called Strike
0-1: Hit by Pitch
Batting: SHB Cory Campbell 0-0: Ball
1-0: Fly out, F7 (Flyball, 7M)
Batting: RHB Roberto Canó 0-0: Called Strike
0-1: Ball
1-1: Called Strike
1-2: Fly out, F7 (Line Drive, 78S)
Top of the 3rd over - 1 run(s), 1 hit(s), 0 error(s), 1 left on base; Nantucket 3 - Kenosha 1
BOTTOM OF THE 3RD
Kenosha Kingfish batting - Pitching for Nantucket Orcas : LHP Esteban Soto
Batting: RHB Francisco Martínez 0-0: Foul Ball, location: 2F
0-1: Foul Ball, location: 2F
0-2: Foul Ball, location: 2F
0-2: Foul Ball, location: 2F
0-2: Ball
1-2: Ball
2-2: Foul Ball, location: 2F
2-2: Foul Ball, location: 2F
2-2: Fly out, F8 (Line Drive, 8RM)
Batting: RHB Matt Rodríguez 0-0: Called Strike
0-1: Foul Ball, location: 2F
0-2: Ball
1-2: Ball
2-2: Ball
3-2: Fly out, F7 (Flyball, 7D)
Batting: SHB Devin Smith 0-0: Ball
1-0: Foul Ball, location: 2F
1-1: Ball
2-1: Foul Ball, location: 2F
2-2: Ball
3-2: Fly out, F8 (Flyball, 8RM)
Bottom of the 3rd over - 0 run(s), 0 hit(s), 0 error(s), 0 left on base; Nantucket 3 - Kenosha 1
TOP OF THE 4TH
Nantucket Orcas batting - Pitching for Kenosha Kingfish : RHP Ron Bartlett
Batting: LHB Noah Gillespie 0-0: Swinging Strike
0-1: Foul Ball, location: 2F
0-2: Foul Ball, location: 2F
0-2: Ball
1-2: Foul Ball, location: 2F
1-2: Strikes out swinging
Batting: RHB César Osequedo 0-0: Called Strike
0-1: Ball
1-1: Ball
2-1: Swinging Strike
2-2: Strikes out swinging
Batting: LHB Eugene Lee 0-0: Ball
1-0: Ground out 5-3 (Groundball, 15S)
Top of the 4th over - 0 run(s), 0 hit(s), 0 error(s), 0 left on base; Nantucket 3 - Kenosha 1
BOTTOM OF THE 4TH
Kenosha Kingfish batting - Pitching for Nantucket Orcas : LHP Esteban Soto
Batting: LHB Richard Brooks 0-0: Ball
1-0: Ball
2-0: Called Strike
2-1: Swinging Strike
2-2: Ball
3-2: SINGLE (Groundball, 34D)
Batting: RHB Sergio Mata 0-0: Ball
1-0: Ball
2-0: Called Strike
2-1: Ball
3-1: Swinging Strike
3-2: Foul Ball, location: 2F
3-2: Strikes out swinging
Batting: RHB Doug Lutz 0-0: Ball
1-0: Ball
2-0: Swinging Strike
2-1: Swinging Strike
2-2: Strikes out looking
Batting: RHB Tommy Davenport 0-0: Ball
1-0: Fly out, F7 (Line Drive, 7M)
Bottom of the 4th over - 0 run(s), 1 hit(s), 0 error(s), 1 left on base; Nantucket 3 - Kenosha 1
TOP OF THE 5TH
Nantucket Orcas batting - Pitching for Kenosha Kingfish : RHP Ron Bartlett
Batting: RHB Domingo Hernández 0-0: Ball
1-0: Foul Ball, location: 2F
1-1: Foul Ball, location: 2F
1-2: Foul Ball, location: 2F
1-2: Strikes out looking
Batting: RHB Anastasio Zartuche 0-0: Ball
1-0: Fly out, F4 (Popup, 34D)
Batting: RHB Jorge Hernández 0-0: Swinging Strike
0-1: Called Strike
0-2: Ball
1-2: Ball
2-2: Fly out, F8 (Line Drive, 8LM)
Top of the 5th over - 0 run(s), 0 hit(s), 0 error(s), 0 left on base; Nantucket 3 - Kenosha 1
BOTTOM OF THE 5TH
Kenosha Kingfish batting - Pitching for Nantucket Orcas : LHP Esteban Soto
Batting: RHB Manuel Gómez 0-0: Called Strike
0-1: Ball
1-1: Ball
2-1: Ball
3-1: SINGLE (Line Drive, 6MD)
Pitching: RHP Loeck Adriaanse
Batting: SHB Júlio Valentín 0-0: SINGLE (Line Drive, 9LS)
Manuel Gómez to second
Batting: RHB Francisco Martínez 0-0: Called Strike
Throwing error on steal attempt, E2
Manuel Gómez scores
Júlio Valentín to third
0-1: Called Strike
0-2: Ground out 3-1 (Groundball, 34S)
Júlio Valentín scores
Batting: RHB Matt Rodríguez 0-0: Ball
1-0: Called Strike
1-1: Swinging Strike
1-2: Strikes out swinging
Batting: SHB Devin Smith 0-0: SINGLE (Flyball, 8RS)
Batting: LHB Richard Brooks 0-0: Foul Ball, location: 2F
0-1: Ball
1-1: Ball
2-1: Ball
3-1: Foul Ball, location: 2F
3-2: Base on Balls
Devin Smith to second
Batting: RHB Sergio Mata 0-0: Foul Ball, location: 2F
0-1: Ball
1-1: Fly out, F9 (Flyball, 9S)
Bottom of the 5th over - 2 run(s), 3 hit(s), 1 error(s), 2 left on base; Nantucket 3 - Kenosha 3
TOP OF THE 6TH
Nantucket Orcas batting - Pitching for Kenosha Kingfish : RHP Ron Bartlett
Batting: RHB Ramón Díaz 0-0: Called Strike
0-1: Ball
1-1: Ball
2-1: Ball
3-1: Called Strike
3-2: Foul Ball, location: 2F
3-2: Foul Ball, location: 2F
3-2: Strikes out looking
Batting: SHB Cory Campbell 0-0: Swinging Strike
0-1: Swinging Strike
0-2: Foul Ball, location: 2F
0-2: Foul Ball, location: 2F
0-2: Ball
1-2: Foul Ball, location: 2F
1-2: Strikes out swinging
Batting: RHB Roberto Canó 0-0: Ball
1-0: Ball
2-0: Ball
3-0: Called Strike
3-1: Base on Balls
Pitching: LHP Nick Clayton
Batting: LHB Noah Gillespie 0-0: Ball
1-0: Foul Ball, location: 2F
1-1: Fly out, F7 (Flyball, 7D)
Top of the 6th over - 0 run(s), 0 hit(s), 0 error(s), 1 left on base; Nantucket 3 - Kenosha 3
BOTTOM OF THE 6TH
Kenosha Kingfish batting - Pitching for Nantucket Orcas : RHP Loeck Adriaanse
Batting: RHB Doug Lutz 0-0: Ball
1-0: Called Strike
1-1: Fly out, F7 (Flyball, 8LM)
Batting: RHB Tommy Davenport 0-0: Ground out 4-3 (Groundball, 4)
Batting: RHB Manuel Gómez 0-0: Swinging Strike
0-1: Foul Ball, location: 2F
Single, Error in OF, E9, batter to second base
Batting: SHB Júlio Valentín 0-0: Ball
1-0: Foul Ball, location: 2F
1-1: Foul Ball, location: 2F
1-2: Fly out, F6 (Popup, 6MD)
Bottom of the 6th over - 0 run(s), 1 hit(s), 1 error(s), 1 left on base; Nantucket 3 - Kenosha 3
TOP OF THE 7TH
Nantucket Orcas batting - Pitching for Kenosha Kingfish : LHP Nick Clayton
Batting: RHB César Osequedo 0-0: Ball
1-0: Ball
2-0: Called Strike
2-1: SINGLE (Line Drive, 7S)
Pinch Hitting: SHB Eric Pimentel 0-0: Ball
1-0: Fly out, F7 (Popup, 7LS)
Batting: RHB Domingo Hernández 0-0: Ball
1-0: Called Strike
1-1: Ball
2-1: Fly out, F6 (Popup, 6)
Batting: RHB Anastasio Zartuche 0-0: Swinging Strike
0-1: Ball
1-1: Foul Ball, location: 2F
1-2: Foul Ball, location: 2F
1-2: Ball
César Osequedo steals 2nd base
2-2: Foul Ball, location: 2F
2-2: Strikes out looking
Top of the 7th over - 0 run(s), 1 hit(s), 0 error(s), 1 left on base; Nantucket 3 - Kenosha 3
BOTTOM OF THE 7TH
Kenosha Kingfish batting - Pitching for Nantucket Orcas : RHP Loeck Adriaanse
Pitching: RHP Mathew Wilcox
Now in LF: Dan Dunn
Batting: RHB Francisco Martínez 0-0: Called Strike
0-1: Ball
1-1: Ground out 1-3 (Groundball, 13)
Pinch Hitting: LHB Miguel Flores 0-0: Called Strike
0-1: Ball
1-1: SOLO HOME RUN (Flyball, 89XD), Distance : 412 ft
Batting: SHB Devin Smith 0-0: Ball
1-0: Called Strike
1-1: Ball
2-1: Ball
3-1: Base on Balls
Pinch Hitting: LHB Carlton López 0-0: Ball
1-0: Called Strike
1-1: Ball
2-1: Ball
3-1: Base on Balls
Devin Smith to second
Batting: RHB Sergio Mata 0-0: Ball
1-0: Swinging Strike
1-1: Called Strike
1-2: Foul Ball, location: 2F
1-2: Strikes out looking
Pinch Hitting: RHB Esteban Ayala 0-0: Ball
1-0: Ground out 3-1 (Groundball, 34S)
Bottom of the 7th over - 1 run(s), 1 hit(s), 0 error(s), 2 left on base; Nantucket 3 - Kenosha 4
TOP OF THE 8TH
Nantucket Orcas batting - Pitching for Kenosha Kingfish : LHP Nick Clayton
Pitching: RHP Paul Pothecary
Now at 3B: John Beach
Now at SS: Miguel Flores
Now in CF: Carlton López
Batting: RHB Jorge Hernández 0-0: Called Strike
0-1: Ball
1-1: SINGLE (Groundball, 56D)
Batting: RHB Ramón Díaz 0-0: Ball
1-0: Bunted foul
1-1: Ball
2-1: Bunted foul
2-2: Ball
3-2: Strikes out swinging
Batting: SHB Cory Campbell 0-0: Ball
1-0: SINGLE (Groundball, 34D)
Jorge Hernández to second
Runner from 2nd tries for 3rd, SAFE, throw made to third
Cory Campbell to second
Batting: RHB Roberto Canó 0-0: Ball
1-0: Called Strike
1-1: Ball
2-1: Ground out 5-3 (Groundball, 5)
Batting: LHB Noah Gillespie 0-0: Ball
1-0: Called Strike
1-1: Swinging Strike
1-2: Strikes out swinging
Top of the 8th over - 0 run(s), 2 hit(s), 0 error(s), 2 left on base; Nantucket 3 - Kenosha 4
BOTTOM OF THE 8TH
Kenosha Kingfish batting - Pitching for Nantucket Orcas : RHP Mathew Wilcox
Batting: RHB Tommy Davenport 0-0: Ball
1-0: Foul Ball, location: 2F
1-1: Ground out 6-3 (Groundball, 6M)
Batting: RHB Manuel Gómez 0-0: Ball
1-0: Ball
2-0: Ball
3-0: Called Strike
3-1: Called Strike
3-2: Strikes out swinging
Batting: SHB Júlio Valentín 0-0: Ball
1-0: Ball
2-0: Ball
3-0: Base on Balls
Batting: RHB Francisco Martínez 0-0: Called Strike
Júlio Valentín steals 2nd base
0-1: Ball
1-1: Ground out 6-3 (Groundball, 6)
Bottom of the 8th over - 0 run(s), 0 hit(s), 0 error(s), 1 left on base; Nantucket 3 - Kenosha 4
TOP OF THE 9TH
Nantucket Orcas batting - Pitching for Kenosha Kingfish : RHP Paul Pothecary
Pitching: RHP Júlio Vargas
Batting: RHB César Osequedo 0-0: Ball
1-0: Called Strike
1-1: Ball
2-1: Ball
3-1: Called Strike
3-2: Strikes out looking
Pinch Hitting: RHB Pepe Franco 0-0: Ball
1-0: Called Strike
1-1: Swinging Strike
1-2: Strikes out swinging
Batting: RHB Domingo Hernández 0-0: Called Strike
0-1: Swinging Strike
0-2: Ball
1-2: Ground out 5-3 (Groundball, 5)
Top of the 9th over - 0 run(s), 0 hit(s), 0 error(s), 0 left on base; Nantucket 3 - Kenosha 4
Monday, December 5th, 2016 - OOTP Baseball 17.12 Build 75